 Dungeon Crawl Stone Soup version 0.20.1-1-g8b1a95d (webtiles) character file.

173 Hurrycane the Skirmisher (level 5, -3/34 HPs)
             Began as a Tengu Air Elementalist on July 13, 2017.
             Slain by an orc priest (4 damage)
             ... on level 4 of the Dungeon.
             The game lasted 00:09:49 (4611 turns).

Hurrycane the Skirmisher (Tengu Air Elementalist)   Turns: 4611, Time: 00:09:50

Health: -3/34      AC:  2    Str:  9    XL:     5   Next: 53%
Magic:  16/18      EV: 13    Int: 15    God:
Gold:   204        SH:  0    Dex: 19    Spells: 1/8 levels left

rFire    + . .     SeeInvis .   t - +3 mace (holy)
rCold    + + .     Gourm    .   (no shield)
rNeg     . . .     Faith    .   a - +0 robe
rPois    .         Spirit   .   (helmet restricted)
rElec    .         Reflect  .   h - scarf {rC+ rF+}
rCorr    .         Harm     .   (no gloves)
MR       .....                  (boots unavailable)
Stlth    ++........             (no amulet)
Regen    0.2/turn               q - ring of magical power
MPRegen  0.2/turn               k - +4 ring of dexterity

@: swift, quick
A: beak, talons 3, cold resistance 1, deformed body, shaggy fur 1, subdued magic
1, able to fly 1
a: Fly


You were on level 4 of the Dungeon.
You were not hungry.

You visited 1 branch of the dungeon, and saw 4 of its levels.

You collected 204 gold pieces.

Inventory:

Hand Weapons
 m - a +1 dagger of electrocution
 t - a +3 mace of holy wrath (weapon)
 x - a +0 blowgun
Missiles
 l - 15 sling bullets
 s - 128 stones
 y - 19 poisoned needles
 A - 2 tomahawks (quivered)
Armour
 a - a +0 robe (worn)
 f - a +0 leather armour
 h - a scarf of resistance (worn)
Jewellery
 e - an uncursed ring of protection from fire
 g - a cursed ring of teleportation
 k - a +4 ring of dexterity (right hand)
 q - a ring of magical power (left hand)
Scrolls
 o - 2 scrolls of amnesia
 u - 3 scrolls of teleportation
 B - a scroll of recharging {unknown}
 C - 2 scrolls of magic mapping
Potions
 p - a potion of might {unknown}
 r - a potion of degeneration {unknown}
Books
 b - a book of Air

   Spells                             Type                      Level
   a - Shock                          Conjuration/Air              1
   b - Swiftness                      Charms/Air                   2
   c - Static Discharge               Conjuration/Air              3
   d - Airstrike                      Air                          4
   e - Lightning Bolt                 Conjuration/Air              5
Comestibles
 c - 2 bread rations
 n - 2 meat rations
 v - 2 fruits


   Skills:
 + Level 4.9 Fighting
 - Level 2.3 Dodging
 - Level 2.0 Stealth
 - Level 2.0 Spellcasting
 - Level 1.3 Conjurations
 - Level 4.0 Air Magic


You had one spell level left.
You knew the following spells:

 Your Spells              Type           Power        Failure   Level  Hunger
a - Shock                 Conj/Air       #...         6%          1    #......
b - Swiftness             Chrm/Air       #.......     12%         2    ###....
c - Airstrike             Air            ##........   34%         4    #####..


Dungeon Overview and Level Annotations

Branches:
Dungeon (4/15)
 Temple: D:4-7

Altars:
Nemelex Xobeh
Ru


Innate Abilities, Weirdness & Mutations

You have a beak for a mouth.
You have claws for feet.
You can fly.
Your flesh is cold resistant. (rC+)
Armour fits poorly on your strangely shaped body.
You are covered in fur. (AC +1)
Your spells are a little easier to cast, but a little less powerful.


Message History

Confirm with . or Enter, or press ? or * to list all spells.
You feel quick. The orc priest misses you.
You are too injured to fight recklessly!
You are too injured to fight recklessly!
You are too injured to fight recklessly!
You are too injured to fight recklessly!
You hit the orc priest but do no damage.
Your kick misses the orc priest.
The orc priest is lightly wounded.
The orc priest closely misses you.
You hit the orc priest. You claw the orc priest.
The orc priest is moderately wounded.
The orc priest invokes the aid of Beogh against you.
Beogh smites you!
* * * LOW HITPOINT WARNING * * *
You hit the orc priest but do no damage.
Your kick misses the orc priest.
The orc priest is moderately wounded.
The orc priest misses you. The orc priest hits you.
You die...

#### #.. #######.#
........#####.#.#
##..#@.......
#...o........
######...#.###....
#..........# #.#
#o#.#.......... #
#.#.#..........#
##.#.#o#.#.#.########
.......o.....#
####.#.##..###


You could see an orc priest.

Vanquished Creatures
  An orc priest (D:3)
  An orc wizard (D:3)
  4 adders
  2 worms (D:2)
  A leopard gecko (D:3)
  8 orcs
  10 bats
  A giant cockroach (D:2)
  5 goblins
  8 hobgoblins
  3 jackals (D:2)
  12 kobolds
  A quokka (D:2)
  3 frilled lizards
  10 rats
70 creatures vanquished.

Notes
Turn   | Place    | Note
-------+----------+-------------------------------------------
     0 | D:1      | Hurrycane the Tengu Air Elementalist began the quest for the Orb.
     0 | D:1      | Reached XP level 1. HP: 10/10 MP: 4/4
   532 | D:1      | Reached skill level 1 in Fighting
   623 | D:1      | Reached XP level 2. HP: 14/16 MP: 6/6
   877 | D:2      | Found a sacrificial altar of Ru.
  1213 | D:2      | Gained mutation: Armour fits poorly on your strangely shaped body. [potion of mutation]
  1213 | D:2      | Gained mutation: Your spells are a little easier to cast, but a little less powerful. [potion of mutation]
  1213 | D:2      | Gained mutation: You are covered in fur. (AC +1) [potion of mutation]
  1213 | D:2      | Gained mutation: Your flesh is cold resistant. (rC+) [potion of mutation]
  1715 | D:2      | Found a sparkling altar of Nemelex Xobeh.
  1789 | D:2      | Reached XP level 3. HP: 18/21 MP: 7/7
  2171 | D:2      | Learned a level 2 spell: Swiftness
  2962 | D:3      | Reached XP level 4. HP: 28/28 MP: 8/8
  3188 | D:3      | Learned a level 4 spell: Airstrike
  3668 | D:3      | Gained mutation: You can fly. [Tengu growth]
  3668 | D:3      | Reached XP level 5. HP: 28/33 MP: 9/9
  4610 | D:4      | HP: 1/34 [orc priest/divine providence (14)]
  4611 | D:4      | Slain by an orc priest

Skill      XL: |  1  2  3  4 |
---------------+-------------+-----
Fighting       | 1 2 3 4 |  4.9
Dodging        | |  2.3
Stealth        | |  2.0
Spellcasting   | |  2.0
Conjurations   | |  1.3
Air Magic      | |  4.0

Action                   |  1- 3 |  4- 6 || total
-------------------------+-------+-------++-------
Melee: Club              |    28 |       ||    28
       Kick              |    26 |    14 ||    40
       Unarmed           |     4 |       ||     4
       Peck              |    16 |     6 ||    22
       Whip              |    45 |       ||    45
       Mace              |    33 |    55 ||    88
Throw: Stone             |     6 |       ||     6
       Tomahawk          |       |     4 ||     4
 Cast: Shock             |    14 |    12 ||    26
       Swiftness         |     1 |     3 ||     4
  Use: Scroll            |     7 |     2 ||     9
       Potion            |     2 |     2 ||     4
 Stab: Sleeping          |     4 |     1 ||     5
       Invisible         |       |     4 ||     4
  Eat: Chunk             |     3 |     3 ||     6
       Bread ration      |     1 |       ||     1
       Royal jelly       |       |     1 ||     1
Armor: Robe              |    24 |    13 ||    37
Dodge: Dodged            |    93 |    80 ||   173
